 Dungeon Crawl Stone Soup version 0.29.1-12-g30fa7ad0bf (webtiles) character file.

Game seed: 5184017508399237913

3483 hawla the Thaumaturge (level 10, -6/75 HPs)
             Began as a Meteoran Ice Elementalist on Dec 14, 2022.
             Was a Follower of Vehumet.
             Mangled by an ice devil (11 damage)
             ... on level 1 of the Lair of Beasts.
             The game lasted 00:15:37 (3481 turns).

hawla the Thaumaturge (Meteoran Ice Elementalist)   Turns: 3481, Time: 00:15:37

Health: -6/75      AC: 11    Str:  9    XL:     10   Next: 52%
Magic:  25/25      EV: 14    Int: 29    God:    Vehumet [*.....]
Gold:   239        SH:  0    Dex: 12    Spells: 10/29 levels left

rFire   . . .      SeeInvis +   h - +3 flail (pain)
rCold   . . .      Faith    .   (no shield)
rNeg    . . .      Spirit   .   B - +0 steam dragon scales
rPois   .          Reflect  .   g - +0 helmet
rElec   +          Harm     .   (no cloak)
rCorr   .          Rampage  .   (no gloves)
Will    +....                   s - +0 pair of boots
Stlth   +.........              (no amulet)
HPRegen 0.22/turn               j - ring "Omaoreaf" {Wiz rElec Int+8 Dex-4 SInv}
MPRegen 0.19/turn               v - +4 ring of protection

@: glowing
A: sense surroundings 2, otherworldly, glowing, explore regen
a: Renounce Religion


You were on level 1 of the Lair of Beasts.
You worshipped Vehumet.
Vehumet was aware of your devotion.
You visited 3 branches of the dungeon, and saw 10 of its levels.

You collected 239 gold pieces.

Inventory:

Hand Weapons
 h - a +3 flail of pain (weapon)
Armour
 g - a +0 helmet (worn)
 s - a +0 pair of boots (worn)
 w - the +2 robe of Jigsaw {Str+4}
   (You found it on level 6 of the Dungeon)

   Str:       It affects your strength (+4).
 B - +0 steam dragon scales (worn)
Jewellery
 c - a ring of protection from cold
 j - the ring "Omaoreaf" (left hand) {Wiz rElec Int+8 Dex-4 SInv}
   (You found it on level 4 of the Dungeon)

   [ring of wizardry]

   It improves your spell success rate.
   Int:       It affects your intelligence (+8).
   Dex:       It affects your dexterity (-4).
   rElec:     It insulates you from electricity.
   SInv:      It lets you see invisible.
 v - a +4 ring of protection (right hand)
 x - a +4 ring of slaying
Wands
 u - a wand of mindburst (19) (quivered)
 y - a wand of polymorph (10)
 z - a wand of paralysis (5)
Scrolls
 a - 3 scrolls of identify
 b - a scroll of teleportation
 o - 3 scrolls of fear
Potions
 d - a potion of resistance
 e - 4 potions of might
 f - 3 potions of lignification {unknown}
 r - 2 potions of invisibility {unknown}
 t - a potion of flight


   Skills:
 + Level 2.8 Fighting
 + Level 6.0 Maces & Flails
 + Level 5.9 Dodging
 - Level 1.4 Stealth
 + Level 10.0 Spellcasting
 + Level 3.1 Conjurations
 + Level 2.0 Necromancy
 + Level 0.5 Transmutations
 + Level 2.0 Fire Magic
 + Level 9.0 Ice Magic
 + Level 2.1 Air Magic
 + Level 2.2 Poison Magic
 + Level 2.0 Evocations


You had 10 spell levels left.
You knew the following spells:

 Your Spells              Type           Power      Damage    Failure   Level
a - Freeze                Ice            100%       1d11      1%          1
b - Frozen Ramparts       Ice            100%       1d16      1%          3
c - Hailstorm             Conj/Ice       49%        3d11      1%          4
d - Ignite Poison         Fire/Tmut/Pois 23%        N/A       2%          3
e - Mephitic Cloud        Conj/Pois/Air  29%        N/A       1%          3
f - Freezing Cloud        Conj/Ice/Air   21%        6-21      6%          5

Your spell library contained the following spells:

 Spells                   Type           Power      Damage    Failure   Level
 Sandblast                Erth           28%        2d8       1%          1
 Passwall                 Tmut/Erth      13%        N/A       1%          2
 Ozocubu's Armour         Ice            61%        N/A       1%          3
 Stone Arrow              Conj/Erth      46%        3d9       2%          3


Dungeon Overview and Level Annotations

Branches:
Dungeon (8/15) Zot: 1423   Temple (1/1) D:7 Zot: 553    Lair (1/5) D:8 Zot: 500

Altars:
Cheibriados
Dithmenos
Fedhas
Vehumet
Wu Jian
Yredelemnul
Zin

Shops:
D:5 [

Portals:
Ice
Cave: Lair:1


Innate Abilities, Weirdness & Mutations

You passively map the area around you.
You are easily found by Zot.
You glow in the dark.
You regain HP and MP as you explore.


Message History

The ice devil is severely wounded.
The ice devil hits you but does no damage.
You hit the ice devil but do no damage.
The ice devil is severely wounded.
The ice devil hits you. The ice devil freezes you!!
* * * LOW HITPOINT WARNING * * *
The ice devil closely misses you.
Unknown command.
Casting: Ignite Poison (mildly dangerous; 2% risk of failure)
Confirm with . or Enter, or press ? or * to list all spells.
Okay, then.
Casting: Ignite Poison (mildly dangerous; 2% risk of failure)
Confirm with . or Enter, or press ? or * to list all spells.
You can't see any susceptible monsters within range! (Use Z to cast anyway.)
You feel much better. The ice devil barely misses you.
Casting: Ignite Poison (mildly dangerous; 2% risk of failure)
Confirm with . or Enter, or press ? or * to list all spells.
You can't see any susceptible monsters within range! (Use Z to cast anyway.)
Okay, then.
Okay, then.
You sock the ice devil!
The ice devil is almost dead.
The ice devil hits you!
* * * LOW HITPOINT WARNING * * *
The ice devil freezes you!
* * * LOW HITPOINT WARNING * * *
Unknown command.
Okay, then.
You closely miss the ice devil.
The ice devil is almost dead.
The ice devil completely misses you.
You completely miss the ice devil.
The ice devil is almost dead.
The ice devil closely misses you.
You closely miss the ice devil.
The ice devil is almost dead.
The ice devil hits you.
* * * LOW HITPOINT WARNING * * *
The ice devil freezes you!
You die...

* ##..#..#
, ####*
#......# *
#..∩
#....#####
, #...
##..P##.?#.
...
#.........
,.. ,
###........
, #.
#.#.######.
, ##4##
#...# *
#..@#
##.###
#+#'###..#
#........#
##########


You could see an ice devil.

Vanquished Creatures
  Joseph (D:7)
  6 yaks (D:8)
  A steam dragon (D:7)
  An ice beast (D:5)
  2 orc warriors
  2 black bears
  3 centaurs
  An ogre (D:5)
  A phantom (D:5)
  3 kobold brigands (D:7)
  A necrophage (D:6)
  A scorpion (D:5)
  8 killer bees (D:8)
  A howler monkey (D:7)
  3 hounds
  3 orc priests
  2 jellies
  6 orc wizards
  4 iguanas
  3 gnolls (D:5)
  4 adders
  2 white imps
  An ufetubus (D:6)
  2 dart slugs (D:4)
  11 orcs
  2 endoplasms
  A hobgoblin (D:4)
  A quokka (D:4)
  5 ball pythons
  A frilled lizard (D:1)
  15 kobolds
98 creatures vanquished.

Vanquished Creatures (others)
  5 fungi (D:8)
  11 plants
16 creatures vanquished.

Grand Total: 114 creatures vanquished

Notes
Turn   | Place    | Note
-------+----------+-------------------------------------------
     0 | D:1      | hawla the Meteoran Ice Elementalist began the quest for the
                  | Orb.
     0 | D:1      | Reached XP level 1. HP: 14/14 MP: 5/5
    91 | D:1      | Reached XP level 2. HP: 20/20 MP: 4/6
   163 | D:4      | Reached skill level 5 in Ice Magic
   163 | D:4      | Reached XP level 3. HP: 18/26 MP: 2/8
   244 | D:4      | Reached skill level 3 in Spellcasting
   351 | D:4      | Identified the ring "Omaoreaf" {Wiz rElec Int+8 Dex-4 SInv}
   358 | D:4      | Learned a level 3 spell: Frozen Ramparts
   425 | D:4      | Reached XP level 4. HP: 17/33 MP: 6/9
   430 | D:4      | Learned a level 4 spell: Hailstorm
   578 | D:4      | Reached XP level 5. HP: 26/38 MP: 7/11
   703 | D:5      | Entered Level 5 of the Dungeon
   729 | D:5      | Found Alockicu's Armour Shoppe.
   761 | D:5      | Noticed an orc warrior
   768 | D:5      | Reached skill level 4 in Spellcasting
   770 | D:5      | Reached XP level 6. HP: 3/46 MP: 1/13
   770 | D:5      | Killed an orc warrior
   771 | D:5      | Reached skill level 1 in Maces & Flails
   835 | D:5      | Reached skill level 5 in Spellcasting
   835 | D:5      | Reached XP level 7. HP: 51/51 MP: 11/15
   909 | D:5      | Found a basalt altar of Yredelemnul.
  1092 | D:5      | Reached skill level 1 in Fighting
  1402 | D:5      | Reached XP level 8. HP: 23/59 MP: 14/17
  1546 | D:5      | Reached skill level 6 in Spellcasting
  1568 | D:5      | Learned a level 3 spell: Ignite Poison
  1572 | D:5      | Learned a level 3 spell: Mephitic Cloud
  1617 | D:5      | Found an ornate altar of the Wu Jian Council.
  1945 | D:6      | Identified the +2 robe of Jigsaw {Str+4}
  2020 | D:6      | Found a blossoming altar of Fedhas.
  2357 | D:7      | Reached skill level 1 in Evocations
  2488 | D:7      | Reached skill level 7 in Spellcasting
  2488 | D:7      | Gained mutation: You passively map the area around you.
                  | [Meteoran growth]
  2488 | D:7      | Reached XP level 9. HP: 25/67 MP: 3/20
  2490 | D:7      | Reached skill level 1 in Conjurations
  2513 | D:7      | Found a staircase to the Ecumenical Temple.
  2523 | Temple   | Entered the Ecumenical Temple
  2552 | Temple   | Became a worshipper of Vehumet
  2702 | D:7      | Noticed Joseph
  2713 | D:7      | Killed Joseph
  2714 | D:7      | Reached skill level 5 in Maces & Flails
  2714 | D:7      | Reached skill level 1 in Air Magic
  2714 | D:7      | Reached skill level 1 in Poison Magic
  2909 | D:7      | Reached skill level 8 in Spellcasting
  2943 | D:7      | Reached skill level 5 in Dodging
  3249 | D:8      | Reached * piety under Vehumet
  3249 | D:8      | Offered knowledge of Sandblast by Vehumet.
  3250 | D:8      | Reached skill level 1 in Fire Magic
  3253 | D:8      | Reached XP level 10. HP: 38/73 MP: 17/23
  3259 | D:8      | Learned a level 5 spell: Freezing Cloud
  3292 | D:8      | Reached skill level 9 in Spellcasting
  3313 | D:8      | Reached skill level 10 in Spellcasting
  3317 | D:8      | Found a staircase to the Lair.
  3384 | Lair:1   | Entered Level 1 of the Lair of Beasts
  3464 | Lair:1   | Noticed an ice devil
  3465 | Lair:1   | Found a frozen archway.
  3481 | Lair:1   | Mangled by an ice devil

Illustrated notes

Levels and vault maps discovered:
D:1:      dpeg_arrival_concentric_ovals, layout_basic
D:2:      layout_loops_corners, minmay_pentomino_z4
D:3:      layout_basic, mainiacjoe_overflow_24_doors,
          hellmonk_ecumenical_altar_crossroads, solitary_fountain
D:4:      layout_rooms, serial_forest, infiniplex_forest_lined_room_,
          infiniplex_forest_side_room, infiniplex_forest_3_way,
          infiniplex_forest_clump_curved, infiniplex_forest_lined_room_3,
          infiniplex_forest_join, infiniplex_forest_clump_curved,
          infiniplex_forest_straight_1
D:5:      layout_loops_corners, mainiacjoe_overflow_small_starburst,
          nicolae_wu_jian_immortal_techniques, serial_shops, shop, nrook_uturn,
          dk_noncrumbling_2
D:6:      layout_loops_ring, fedhas_altar_2
D:7:      layout_cave_pods, temple_pool_b, uniq_joseph
D:8:      layout_cave_pools, lemuel_doored_altar, dpeg_oklobed_lair
Temple:   bh_familiar_temple
Lair:1:   layout_loops_ring, portal_ice_cave_demonic_guard, basic_altar,
          grunt_megastairs_3, serial_bayou_shore_a

Skill      XL: |  1  2  3  4  5  6  7  8  9 10 |
---------------+-------------------------------+-----
Ice Magic      | 5 6 7 8 9 |  9.0
Spellcasting   | 3 4 5 7 8 10 | 10.0
Necromancy     | 2 |  2.0
Maces & Flails | 1 2 4 5 6 |  6.0
Dodging        | 3 4 5 |  5.9
Fighting       | 1 2 |  2.8
Evocations     | 2 |  2.0
Conjurations   | 2 3 |  3.1
Air Magic      | 1 2 |  2.1
Poison Magic   | 1 2 |  2.2
Fire Magic     | 1 2 |  2.0
Stealth        | |  1.4
Transmutations | |  0.5

Action                   |  1- 3 |  4- 6 |  7- 9 | 10-12 || total
-------------------------+-------+-------+-------+-------++-------
Melee: Flail             |     3 |    11 |    73 |    14 ||   101
       Punch             |       |       |     1 |       ||     1
 Cast: Freeze            |    22 |     1 |    10 |     2 ||    35
       Frozen Ramparts   |       |     5 |    20 |     2 ||    27
       Hailstorm         |       |     3 |    13 |     5 ||    21
       Mephitic Cloud    |       |       |     9 |     4 ||    13
       Ignite Poison     |       |       |     3 |     3 ||     6
  Use: Scroll            |     1 |     3 |    10 |     3 ||    17
       Potion            |       |     1 |       |     2 ||     3
Armor: Robe              |     5 |     1 |    29 |       ||    35
       Steam dragon scal |       |       |    17 |     5 ||    22
Dodge: Dodged            |    13 |    10 |    84 |    21 ||   128
